AoeStats
← Ballentyne

Arena

508309489Analyzed
4v4 RM · 9d ago on Sep 21, 2026· 41m 0s· 8 players
Game mode
Random Map
Map size
Large (8 player)
Population
200
Speed
Normal
Resources
Standard
Victory
Conquest
Starting age
Dark Age
Ending age
Imperial Age
RankedLock teamsTeams togetherTeam positionsShared explorationLock speedFull tech treeHidden civsTurbo modeCheats
Victory
Defeat
🇨🇱 Wei · Chile
1067
+12
🇨🇱 Cumans · Chile
1061
+12
🇨🇱 Italians · Chile
1042
+13
🇨🇱 Chinese · Chile
1009
+14
🇨🇴 Ethiopians · Colombia
1030
-15
🇨🇦 Britons · Canada
986
-13
🇨🇴 Bohemians · Colombia
982
-13
🇲🇽 Tupi · Mexico
911
-10
Ballentyne
0:29 Loom
13:38 Feudal Age
20:01 Castle Age
17:58 Stone Mining
18:01 Gold Mining
17:58 Double-Bit Axe
18:16 Horse Collar
18:39 Fletching
22:02 Wheelbarrow
23:32 Heavy Plow
23:45 Bow Saw
23:33 Bodkin Arrow
24:01 Ballistics
32:18 Imperial Age
32:47 Yeomen
33:13 Bracer
33:16 Padded Archer Armor
33:54 Conscription
36:12 Hand Cart
36:18 Hand Cart
37:50 Careening
37:38 Murder Holes
37:27 Pikeman
38:08 Squires
38:26 Treadmill Crane
39:50 Chemistry
luismjchan
10:39 Feudal Age
11:15 Loom
12:23 Man-at-Arms
13:00 Horse Collar
19:21 Castle Age
17:47 Double-Bit Axe
18:11 Padded Archer Armor
18:24 Fletching
20:25 Elite Skirmisher
22:29 Bodkin Arrow
30:24 Imperial Age
28:17 Town Watch
28:44 Pikeman
31:42 Chemistry
32:34 Leather Archer Armor
34:35 Forging
35:02 Bracer
38:26 Ballistics
38:11 Siege Engineers
38:52 Wheelbarrow
40:20 Squires
Mono de Guayaba
5:17 Loom
13:01 Feudal Age
18:06 Castle Age
17:25 Double-Bit Axe
17:49 Gold Mining
17:52 Horse Collar
19:02 Wheelbarrow
19:01 Fletching
20:47 Bodkin Arrow
21:13 Padded Archer Armor
26:23 Gold Shaft Mining
27:09 Leather Archer Armor
32:40 Hand Cart
37:13 Bow Saw
37:04 Heavy Plow
39:40 Caciques
40:05 Arson
40:21 Squires
Co-Yeyo
2:53 Loom
11:55 Feudal Age
16:01 Castle Age
14:26 Double-Bit Axe
16:03 Fletching
21:01 Elite Skirmisher
26:34 Crossbowman
27:58 Wheelbarrow
34:01 Thumb Ring
34:33 Bodkin Arrow
36:46 Wheelbarrow
36:35 Padded Archer Armor
38:45 Leather Archer Armor
MatiassCJ
10:53 Feudal Age
10:35 Loom
14:25 Castle Age
12:59 Double-Bit Axe
16:30 Bow Saw
25:24 Ballistics
29:33 Forging
33:06 Iron Casting
33:46 Fletching
33:57 Padded Archer Armor
41:22 Bodkin Arrow
41:43 Leather Archer Armor
AlpineXtrem
0:29 Loom
11:37 Feudal Age
15:55 Castle Age
14:37 Horse Collar
14:43 Double-Bit Axe
14:51 Gold Mining
16:40 Wheelbarrow
19:09 Heavy Plow
20:20 Stone Mining
24:38 Hand Cart
25:03 Treadmill Crane
25:38 Forging
27:59 Gold Shaft Mining
30:08 Imperial Age
28:00 Husbandry
28:26 Scale Barding Armor
30:04 Bloodlines
30:35 Iron Casting
30:27 Chain Barding Armor
31:57 Conscription
33:12 Tuntian
33:46 Ming Guang Armor
35:15 Gold Shaft Mining
35:16 Stone Shaft Mining
34:17 Elite Tiger Cavalry
36:08 Blast Furnace
Bentrix
0:34 Loom
10:25 Feudal Age
14:40 Castle Age
13:46 Double-Bit Axe
15:24 Wheelbarrow
18:22 Fletching
24:38 Padded Archer Armor
29:11 Bodkin Arrow
32:32 Horse Collar
33:43 Leather Archer Armor
36:22 Gold Mining
37:52 Bow Saw
42:36 Imperial Age
41:51 Hand Cart
felipe2204
11:59 Feudal Age
15:54 Wheelbarrow
15:10 Double-Bit Axe
15:48 Horse Collar
22:41 Castle Age
20:57 Gold Mining
21:58 Stone Mining
23:12 Loom
23:51 Hand Cart
24:14 Gold Shaft Mining
23:51 Bow Saw
24:00 Heavy Plow
25:15 Scale Barding Armor
25:21 Forging
25:55 Bloodlines
27:54 Chain Barding Armor
29:08 Iron Casting
33:03 Imperial Age
31:52 Steppe Husbandry
31:16 Light Cavalry
33:00 Town Watch
33:53 Masonry
33:26 Cavalier
34:47 Paladin
35:46 Town Patrol
36:53 Plate Barding Armor
37:41 Hussar
Connection lost

Rejoining the realm…

Still unreachable

The connection could not be restored.

Session expired

The server has moved on; the page needs a fresh start.